AoeStats
← [KMNB] Dedão

African Clearing

510536637Analyzed
2v2 RM · 2d ago on Oct 1, 2026· 31m 35s· 4 players
Game mode
Random Map
Map size
Medium (4 player)
Population
200
Speed
Normal
Resources
Standard
Victory
Conquest
Starting age
Dark Age
Ending age
Imperial Age
RankedLock teamsTeams togetherTeam positionsShared explorationLock speedFull tech treeHidden civsTurbo modeCheats
Victory
Defeat
🇦🇷 Tatars · Argentina
1711
+8
🇦🇷 Hindustanis · Argentina
1704
+8
🇧🇷 Varangians · Brazil
1536
-9
🇧🇷 Huns · Brazil
1486
-7
MrLokura
11:08 Feudal Age
11:40 Double-Bit Axe
12:43 Horse Collar
14:53 Forging
17:18 Scale Barding Armor
19:12 Loom
19:41 Bloodlines
24:18 Wheelbarrow
27:28 Castle Age
27:12 Gold Mining
28:44 Chain Barding Armor
27:50 Light Cavalry
28:44 Bow Saw
28:46 Husbandry
★ DrumM ❿
11:54 Feudal Age
10:34 Loom
12:23 Double-Bit Axe
15:24 Fletching
15:53 Horse Collar
21:39 Padded Archer Armor
27:56 Castle Age
26:19 Gold Mining
28:45 Bodkin Arrow
28:11 Crossbowman
29:34 Bow Saw
30:02 Wheelbarrow
29:28 Heavy Plow
[KMNB] Bandeira
3:08 Loom
12:05 Feudal Age
12:43 Double-Bit Axe
13:07 Horse Collar
16:37 Bloodlines
16:45 Forging
27:29 Fletching
[KMNB] Dedão
6:10 Loom
12:00 Feudal Age
13:51 Double-Bit Axe
16:11 Forging
19:03 Wheelbarrow
22:27 Scale Barding Armor
22:06 Horse Collar
28:04 Castle Age
26:37 Gold Mining
27:14 Bloodlines
29:07 Chain Barding Armor
29:04 Husbandry
30:54 Fletching
Connection lost

Rejoining the realm…

Still unreachable

The connection could not be restored.

Session expired

The server has moved on; the page needs a fresh start.